 Dungeon Crawl Stone Soup version 0.19.5 (webtiles) character file.

305 serega1309 the Firebug (level 6, 0/47 HPs)
             Began as a Draconian Fire Elementalist on Jan 24, 2017.
             Slain by a worker ant (3 damage)
             ... on level 3 of the Dungeon on Mar 4, 2017.
             The game lasted 00:12:58 (3050 turns).

serega1309 the Firebug (DrFE)                       Turns: 3050, Time: 00:12:59

Health: 0/47       AC:  6    Str: 10    XL:     6   Next: 16%
Magic:  0/10       EV: 13    Int: 17    God:
Gold:   180        SH:  0    Dex: 12    Spells: 4 memorised, 2 levels left

rFire  + . .     SeeInvis .     k - +1 hand axe (drain)
rCold  + . .     Gourm    .     (armour unavailable)
rNeg   . . .     Faith    .     (no shield)
rPois  +         Spirit   .     (helmet restricted)
rElec  +         Reflect  .     (no cloak)
rCorr  +         Harm     .     (no gloves)
MR     .....                    (no boots)
Stlth  ++........               (no amulet)
                                (no ring)
                                (no ring)

@: resistant
A: unfitting armour, cold-blooded, AC +6
a: no special abilities


You were on level 3 of the Dungeon.
You were not hungry.

You visited 1 branch of the dungeon, and saw 4 of its levels.

You collected 180 gold pieces.

Inventory:

Hand Weapons
 e - a +2 dagger of freezing
 h - a +2 dagger of venom
 k - a +1 hand axe of draining (weapon)
Scrolls
 l - a scroll of remove curse
Potions
 f - a potion of cancellation
Books
 a - a book of Flames

   Spells                             Type                      Level
   a - Flame Tongue                   Conjuration/Fire             1
   b - Throw Flame                    Conjuration/Fire             2
   c - Conjure Flame                  Conjuration/Fire             3
   d - Inner Flame                    Hexes/Fire                   3
   e - Sticky Flame                   Conjuration/Fire             4
   f - Fireball                       Conjuration/Fire             5
Comestibles
 b - 2 bread rations
 c - 2 meat rations
 g - 2 slices of pizza
 j - 3 chunks of flesh


   Skills:
 + Level 1.3 Fighting
 + Level 2.6 Dodging
 + Level 2.5 Stealth
 + Level 3.2 Spellcasting
 + Level 2.5 Conjurations
 + Level 4.6 Fire Magic


You had 2 spell levels left.
You knew the following spells:

 Your Spells              Type           Power        Failure   Level  Hunger
a - Flame Tongue          Conj/Fire      ##...        4%          1    None
b - Conjure Flame         Conj/Fire      ##......     14%         3    ###....
c - Inner Flame           Hex/Fire       ##......     21%         3    ###....
d - Throw Flame           Conj/Fire      ##....       10%         2    ##.....


Dungeon Overview and Level Annotations

Branches:
Dungeon (4/15)
 Temple: D:4-7

Altars:
Gozag


Innate Abilities, Weirdness & Mutations

Your plain brown scales are hard. (AC +6)
You cannot fit into any form of body armour.
You are cold-blooded and may be slowed by cold attacks.


Message History

The worker ant is heavily wounded.
The worker ant barely misses you.
Casting: Flame Tongue
Confirm with . or Enter, or press ? or * to list all spells.
Aiming: Flame Tongue
Press: ? - help, Shift-Dir - straight line, f/p - worker ant
Aim: a worker ant (heavily wounded)
The flame tongue hits the worker ant.
The worker ant is almost dead.
The worker ant bites you.
* * * LOW HITPOINT WARNING * * *
You barely miss the worker ant.
You tail-slap the worker ant, but do no damage.
The worker ant is almost dead.
The worker ant completely misses you.
You hit the worker ant.
The worker ant is almost dead.
The worker ant bites you but does no damage.
The worker ant bites you.
You die...

##### #...# #...# #...#
########### #...# #.........#
#...######.........#
#..................#
###....#####.........##
##(....@..............##
#######......a............#...
#...##................###...##
#...##................##....##
#...##.........>.........##..#
#...##.......)...).....####..#
#...##................#####..#
#...)#................##......
####....................###......


You could see a worker ant.

Vanquished Creatures
  A phantom (D:4)
  A hound (D:4)
  An orc priest (D:3)
  7 adders
  3 oozes
  5 leopard geckos
  8 orcs
  5 bats
  6 giant cockroaches
  3 goblins (D:1)
  8 hobgoblins
  A quokka (D:3)
  2 ball pythons
  A frilled lizard (D:1)
  8 kobolds
  8 rats
68 creatures vanquished.

Notes
Turn   | Place    | Note
-------+----------+-------------------------------------------
     0 | D:1      | serega1309 the Draconian Fire Elementalist began the quest for the Orb.
     0 | D:1      | Reached XP level 1. HP: 14/14 MP: 3/3
    46 | D:1      | Upgraded the game from 0.19.3-1-g3169bf9 to 0.19.5
   154 | D:1      | Reached XP level 2. HP: 18/20 MP: 0/5
   939 | D:2      | Reached XP level 3. HP: 26/26 MP: 2/6
  1176 | D:2      | Reached skill level 4 in Fire Magic
  1185 | D:2      | Learned a level 3 spell: Conjure Flame
  1516 | D:2      | Found an opulent altar of Gozag.
  1540 | D:2      | Reached XP level 4. HP: 33/33 MP: 2/7
  2267 | D:3      | Found a faded altar of an unknown god.
  2399 | D:3      | Learned a level 3 spell: Inner Flame
  2539 | D:3      | Reached XP level 5. HP: 34/39 MP: 0/9
  2897 | D:4      | Learned a level 2 spell: Throw Flame
  3002 | D:4      | Noticed a phantom
  3025 | D:4      | Killed a phantom
  3025 | D:4      | Reached skill level 1 in Fighting
  3025 | D:4      | Reached XP level 6. HP: 17/47 MP: 0/10
  3048 | D:3      | HP: 2/47 [worker ant (5)]
  3050 | D:3      | Slain by a worker ant

Skill      XL: |  1  2  3  4  5 |
---------------+----------------+-----
Dodging        | 2 |  2.6
Stealth        | 2 |  2.5
Fire Magic     | 4 |  4.6
Conjurations   | 2 |  2.5
Spellcasting   | 3 |  3.2
Fighting       | 1 |  1.3

Action                   |  1- 3 |  4- 6 || total
-------------------------+-------+-------++-------
Melee: Dagger            |    44 |    13 ||    57
       Tailslap          |     2 |     4 ||     6
       Hand axe          |       |    22 ||    22
 Cast: Flame Tongue      |    48 |    72 ||   120
       Conjure Flame     |     1 |       ||     1
       Throw Flame       |       |     2 ||     2
  Use: Scroll            |     3 |     1 ||     4
       Potion            |       |     3 ||     3
  Eat: Chunk             |     3 |     5 ||     8
Armor: Skin              |    18 |    17 ||    35
Dodge: Dodged            |    40 |    51 ||    91
